 Dungeon Crawl Stone Soup version 0.26-a0-541-g3b3d21e777 (webtiles) character file.

Game seed: 265110841391485809

3174 CovertPenguin the Thaumaturge (level 9, -3/66 HPs)
             Began as a Gnoll Hedge Wizard on Aug 16, 2020.
             Was an Initiate of Ashenzari.
             Slain by a vampire (8 damage)
             ... on level 7 of the Dungeon.
             The game lasted 00:25:43 (10622 turns).

CovertPenguin the Thaumaturge (Gnoll Hedge Wizard) Turns: 10622, Time: 00:25:44

Health: -3/66      AC: 15    Str: 13    XL:     9   Next: 95%
Magic:  21/21      EV: 12    Int: 20    God:    Ashenzari [......]
Gold:   426        SH:  5    Dex: 14    Spells: 19/25 levels left

rFire    . . .     SeeInvis .   C - +0 trident (protect)
rCold    . . .     Faith    .   J - +0 buckler
rNeg     . . .     Spirit   .   A - +0 scale mail (curse)
rPois    .         Reflect  .   c - +0 hat
rElec    .         Harm     .   k - +0 cloak
rCorr    .                      (no gloves)
MR       +....                  (no boots)
Stlth    ++........             (no amulet)
HPRegen  0.21/turn              l - ring of protection from magic
MPRegen  0.17/turn              (no ring)

@: protection aura, hasted, very quick
A: distributed training, fangs 1, strong nose
a: Curse Item, Renounce Religion


You were on level 7 of the Dungeon.
You worshipped Ashenzari.
Ashenzari was noncommittal.
You visited 2 branches of the dungeon, and saw 8 of its levels.

You collected 426 gold pieces.

Inventory:

Hand Weapons
 h - a +1 spear of freezing
   (You took it off a wight on level 6 of the Dungeon)
 m - a +1 whip of venom
   (You found it on level 1 of the Dungeon)
 C - a +0 trident of protection (weapon)
   (You took it off an orc on level 4 of the Dungeon)
Missiles
 d - 155 stones (quivered)
 e - 150 arrows
 s - 20 poisoned darts
 u - 7 boomerangs
 G - 12 sling bullets
 K - 5 atropa-tipped darts
 L - 24 bolts
Armour
 b - a +0 robe
 c - a +0 hat (worn)
 k - a +0 cloak (worn)
   (You found it on level 1 of the Dungeon)
 A - a cursed +0 scale mail (worn)
   (You found it on level 3 of the Dungeon)
 E - a +0 leather armour
   (You found it on level 2 of the Dungeon)
 J - a +0 buckler (worn)
   (You found it on level 6 of the Dungeon)
Jewellery
 l - a ring of protection from magic (left hand)
   (You found it on level 5 of the Dungeon)
Wands
 v - a wand of digging (4)
   (You found it on level 5 of the Dungeon)
 z - a wand of polymorph (10)
   (You found it on level 3 of the Dungeon)
Scrolls
 i - a scroll of enchant weapon
 j - 4 scrolls of remove curse {@r2}
 o - a scroll of enchant armour
 q - 3 scrolls of blinking
 w - 5 scrolls of teleportation {@r4}
 x - 2 scrolls of identify {@r1}
 y - a scroll of magic mapping
 D - a scroll of immolation {!r}
 F - a scroll of amnesia
Potions
 a - a potion of resistance {unknown}
 f - a potion of might {unknown}
 g - a potion of ambrosia
 n - 2 potions of lignification {unknown}
 p - a potion of heal wounds {@q2}
 r - 4 potions of brilliance
 t - a potion of stabbing
 H - 2 potions of haste {@q3}
 I - 3 potions of flight


   Skills:
 + Level 4.7 Fighting
 + Level 4.7 Short Blades
 + Level 4.7 Long Blades
 + Level 4.7 Axes
 + Level 4.7 Maces & Flails
 + Level 4.7 Polearms
 + Level 4.7 Staves
 + Level 4.7 Slings
 + Level 4.7 Bows
 + Level 4.7 Crossbows
 + Level 4.7 Throwing
 + Level 4.7 Armour
 + Level 6.6 Dodging
 + Level 6.4 Stealth
 + Level 4.7 Shields
 + Level 4.7 Unarmed Combat
 + Level 8.6 Spellcasting
 + Level 4.5 Conjurations
 + Level 3.9 Hexes
 + Level 4.5 Summonings
 + Level 3.9 Necromancy
 + Level 4.5 Translocations
 + Level 3.9 Transmutations
 + Level 3.9 Fire Magic
 + Level 3.9 Ice Magic
 + Level 3.9 Air Magic
 + Level 3.9 Earth Magic
 + Level 3.9 Poison Magic
 + Level 5.2 Invocations
 + Level 4.7 Evocations


You had 19 spell levels left.
You knew the following spells:

 Your Spells              Type           Power        Failure   Level
a - Magic Dart            Conj           ####         5%          1
b - Blink                 Tloc           N/A          8%          2
f - Mephitic Cloud        Conj/Pois/Air  ####....     19%         3

Your spell library contained the following spells:

 Spells                   Type           Power        Failure   Level
 Call Imp                 Summ           ####....     8%          2
 Slow                     Hex            ###.....     10%         2
 Conjure Flame            Conj/Fire      ####....     19%         3


Dungeon Overview and Level Annotations

Branches:
Dungeon (7/15)             Temple (1/1) D:6

Altars:
Ashenzari
Cheibriados
Dithmenos
Elyvilon
Fedhas
Gozag
Hepliaklqana
Kikubaaqudgha
Makhleb
Nemelex Xobeh
Okawaru
Qazlal
Ru
Sif Muna
Trog
Uskayaw
Vehumet
Wu Jian
Xom
Yredelemnul
Zin
The Shining One

Shops:
D:4 *   D:7 }


Innate Abilities, Weirdness & Mutations

Your experience applies equally to all skills.
You have very sharp teeth.
Your uncanny sense of smell can sniff out nearby items.


Message History

* * * LOW HITPOINT WARNING * * *
Something draws strength from your injuries!
Quiver which item? (- for none, * to show all) (? for menu, Esc to quit)
Quivering
B - 2 throwing nets {!f} for throwing.
Throwing (i - inventory. (/) - cycle)
B - 2 throwing nets (quivered)
{!f} Really fire
B - 2 throwing nets {!f}?
You throw a throwing net {!f}.
Throwing (i - inventory. (/) - cycle)
B - a throwing net (quivered)
{!f} Really fire
B - a throwing net {!f}?
You throw a throwing net {!f}.
You hear some strange, mumbled words.
Something tries to affect you, but you resist.
Okay, then.
Quiver which item? (- for none, * to show all) (? for menu, Esc to quit)
Okay, then.
Quiver which item? (- for none, * to show all) (? for menu, Esc to quit)
Okay, then.
Attack whom?
Okay, then.
Nothing appears to happen.
Something hits you but does no damage. Something barely misses you.
Okay, then.
Nothing appears to happen.
You miss something. Something hits you!
* * * LOW HITPOINT WARNING * * *
Something bites you!
* * * LOW HITPOINT WARNING * * *
Something draws strength from your injuries!
You miss something. Something barely misses you. Something bites you!
* * * LOW HITPOINT WARNING * * *
Something draws strength from your injuries!
You hit something but do no damage.
Your weapon exudes an aura of protection.
You hit something. Something hits you but does no damage.
Something bites you but does no damage.
You hit something. Something hits you but does no damage. Something bites you.
* * * LOW HITPOINT WARNING * * *
Something draws strength from your injuries!
You hit something. You hit something but do no damage.
Something hits you but does no damage. Something completely misses you.
You closely miss something. Something hits you!
You die...

.#####<#..##......."..#
#.##...
.#####.#......#######.#
##.#####
.......#...#### #.##..#
#..##..# ###...######
#.##.## #.#...†. #...#
#.#..## #.#.##.. #...#
## #.....# #.#.##.#
#...# #. ##..#.#
#.#.##.# #...#
#.##...#.# #.#.##..
##...# ###({@.#.#.#
#.#.###. #...#
..........#.#.# #.#.#
##
#...########....#.#.#
##.#.# #...# #....#.#.#
#..#.# #...# #....#.#.#
#....# #...# #......#.#
#.#### #...# #......#.#
#.# ##...######
###.###.## #.#
#.........# #.#
#.####.#


There were no monsters in sight!

Vanquished Creatures
  A hippogriff (D:5)
  Sigmund (D:3)
  A wyvern (D:4)
  An orc warrior (D:7)
  A sky beast (D:6)
  A hornet zombie (D:5)
  3 necrophages
  6 ogres
  2 centaurs
  Blork the orc (D:5)
  2 bullfrogs (D:7)
  6 wights (D:6)
  2 howler monkeys (D:5)
  4 hounds
  Crazy Yiuf (D:3)
  A jelly (D:5)
  A centaur skeleton (D:6)
  2 orc priests
  8 orc wizards
  Jessica (D:3)
  Terence (D:2)
  Natasha (thrice) (D:2)
  2 iguanas
  5 worker ants
  2 hound skeletons
  2 worker ant zombies (D:5)
  A howler monkey zombie (D:5)
  5 gnolls (D:4)
  7 adders
  2 white imps
  2 oozes
  3 worms
  5 leopard geckos
  21 orcs
  A bat (D:2)
  3 giant cockroaches
  8 hobgoblins
  2 jackals (D:7)
  2 quokkas
  5 ball pythons
  5 frilled lizards
  8 goblins
  A jackal skeleton (D:4)
  6 kobolds
  A leopard gecko zombie (D:7)
  6 rats
155 creatures vanquished.

Vanquished Creatures (others)
  A plant (D:3)
1 creature vanquished.

Grand Total: 156 creatures vanquished

Notes
Turn   | Place    | Note
-------+----------+-------------------------------------------
     0 | D:1      | CovertPenguin the Gnoll Hedge Wizard began the quest for
                  | the Orb.
     0 | D:1      | Reached XP level 1. HP: 13/13 MP: 8/8
   316 | D:1      | Reached XP level 2. HP: 19/19 MP: 8/10
   880 | D:2      | Noticed Natasha
   886 | D:2      | Noticed a crimson imp
   886 | D:2      | Killed Natasha
   886 | D:2      | Reached skill level 1 in Invocations
   886 | D:2      | Reached XP level 3. HP: 6/25 MP: 9/11
  1174 | D:2      | Noticed Terence
  1180 | D:2      | Learned a level 3 spell: Mephitic Cloud
  1186 | D:2      | Killed Terence
  1186 | D:2      | Reached skill level 1 in Fighting
  1186 | D:2      | Reached skill level 1 in Short Blades
  1186 | D:2      | Reached skill level 1 in Long Blades
  1186 | D:2      | Reached skill level 1 in Axes
  1186 | D:2      | Reached skill level 1 in Maces & Flails
  1186 | D:2      | Reached skill level 1 in Polearms
  1186 | D:2      | Reached skill level 1 in Staves
  1186 | D:2      | Reached skill level 1 in Slings
  1186 | D:2      | Reached skill level 1 in Bows
  1186 | D:2      | Reached skill level 1 in Crossbows
  1186 | D:2      | Reached skill level 1 in Throwing
  1186 | D:2      | Reached skill level 1 in Armour
  1186 | D:2      | Reached skill level 1 in Shields
  1186 | D:2      | Reached skill level 1 in Unarmed Combat
  1186 | D:2      | Reached skill level 1 in Evocations
  1186 | D:2      | Reached XP level 4. HP: 32/32 MP: 9/13
  1204 | D:2      | Learned a level 2 spell: Blink
  1326 | D:2      | Noticed Natasha
  1332 | D:2      | Killed Natasha
  1332 | D:2      | Reached skill level 1 in Hexes
  1332 | D:2      | Reached skill level 1 in Necromancy
  1332 | D:2      | Reached skill level 1 in Transmutations
  1332 | D:2      | Reached skill level 1 in Fire Magic
  1332 | D:2      | Reached skill level 1 in Ice Magic
  1332 | D:2      | Reached skill level 1 in Air Magic
  1332 | D:2      | Reached skill level 1 in Earth Magic
  1332 | D:2      | Reached skill level 1 in Poison Magic
  1363 | D:2      | Noticed Natasha
  1394 | D:2      | Killed Natasha
  1394 | D:2      | Reached XP level 5. HP: 16/37 MP: 2/14
  1763 | D:2      | Found a faded altar of an unknown god.
  2234 | D:3      | Noticed Sigmund
  2669 | D:3      | Killed Sigmund
  2669 | D:3      | Reached skill level 5 in Dodging
  2669 | D:3      | Reached XP level 6. HP: 44/44 MP: 12/16
  2745 | D:3      | Noticed Jessica
  2757 | D:3      | Killed Jessica
  3304 | D:3      | Found a runed translucent door.
  3305 | D:3      | Noticed Crazy Yiuf
  3316 | D:3      | Killed Crazy Yiuf
  3316 | D:3      | Reached XP level 7. HP: 45/50 MP: 15/18
  3872 | D:4      | Noticed a wyvern
  3894 | D:4      | Killed a wyvern
  3894 | D:4      | Reached skill level 5 in Stealth
  4019 | D:4      | Found Ymutar's Elemental Accessories.
  4510 | D:4      | Reached XP level 8. HP: 57/57 MP: 19/19
  4848 | D:5      | Entered Level 5 of the Dungeon
  4949 | D:5      | Noticed Blork the orc
  4982 | D:5      | Killed Blork the orc
  5543 | D:5      | Reached skill level 8 in Spellcasting
  5543 | D:5      | Noticed a hippogriff
  5579 | D:5      | Killed a hippogriff
  5579 | D:5      | Reached XP level 9. HP: 20/65 MP: 9/21
  7210 | D:6      | Found a staircase to the Ecumenical Temple.
  7247 | Temple   | Entered the Ecumenical Temple
  7475 | Temple   | Became a worshipper of Ashenzari the Shackled
  9371 | D:7      | Reached skill level 5 in Invocations
  9964 | D:7      | Found Qil Uciu's Gadget Emporium.
 10402 | D:7      | Found a glowing golden altar of the Shining One.
 10622 | D:7      | Slain by a vampire

Illustrated notes

Levels and vault maps discovered:
D:1:      lightli_arrival_statue_moat, layout_loops_ring,
          hangedman_decor_diamond_cutter, minmay_misc_feat_tiny
D:2:      layout_loops_ring, chequers_ecumenical_altar_simple, uniq_natasha,
          uniq_terence
D:3:      cheibrodos_helix_gallery, layout_rooms, serial_bayou,
          serial_bayou_ford_a, serial_bayou_shore_a, serial_bayou_pond_d,
          serial_bayou_pond_e, uniq_jessica, uniq_crazy_yiuf_cottage,
          uniq_sigmund
D:4:      layout_loops_cross, nicolae_elemental_shop, st_stairs_7,
          serial_park_tiny_pond, sigmund_army
D:5:      cheibrodos_two_vegetables, layout_loops_ring, uniq_blork_the_orc
D:6:      layout_rooms, temple_pool_b, corexii_item_surrounded_by_moat
D:7:      layout_loops_ring, nicolae_overflow_hidden_temple, serial_shops, shop,
          serial_co_window_serial, co_window_paths_a, co_window_paths_a,
          co_window_paths_a, co_window_paths_a, co_window_paths_a,
          co_window_paths_b, co_window_paths_b, co_window_corner_a,
          co_window_paths_a, co_window_broadway_a, co_window_broadway_b,
          co_window_corner_cb, co_window_4corner_a, glass_columns_a
Temple:   compressed_dpeg_circular_temple

Skill      XL: |  1  2  3  4  5  6  7  8  9 |
---------------+----------------------------+-----
Conjurations   | 2 3 4 |  4.5
Summonings     | 2 3 4 |  4.5
Translocations | 2 3 4 |  4.5
Invocations    | 1 2 3 4 5 |  5.2
Fighting       | 1 2 3 4 |  4.7
Short Blades   | 1 2 3 4 |  4.7
Long Blades    | 1 2 3 4 |  4.7
Axes           | 1 2 3 4 |  4.7
Maces & Flails | 1 2 3 4 |  4.7
Polearms       | 1 2 3 4 |  4.7
Staves         | 1 2 3 4 |  4.7
Slings         | 1 2 3 4 |  4.7
Bows           | 1 2 3 4 |  4.7
Crossbows      | 1 2 3 4 |  4.7
Throwing       | 1 2 3 4 |  4.7
Armour         | 1 2 3 4 |  4.7
Shields        | 1 2 3 4 |  4.7
Unarmed Combat | 1 2 3 4 |  4.7
Evocations     | 1 2 3 4 |  4.7
Hexes          | 1 2 3 |  3.9
Necromancy     | 1 2 3 |  3.9
Transmutations | 1 2 3 |  3.9
Fire Magic     | 1 2 3 |  3.9
Ice Magic      | 1 2 3 |  3.9
Air Magic      | 1 2 3 |  3.9
Earth Magic    | 1 2 3 |  3.9
Poison Magic   | 1 2 3 |  3.9
Dodging        | 5 6 |  6.6
Stealth        | 5 6 |  6.4
Spellcasting   | 8 |  8.6

Action                   |  1- 3 |  4- 6 |  7- 9 || total
-------------------------+-------+-------+-------++-------
Melee: Dagger            |     3 |       |       ||     3
       Whip              |    18 |   118 |    22 ||   158
       Bite              |     1 |    16 |    62 ||    79
       Trident           |       |       |   570 ||   570
       Punch             |       |       |     5 ||     5
Throw: Stone             |       |     1 |       ||     1
       Dart              |       |       |     4 ||     4
       Throwing net      |       |       |     2 ||     2
 Cast: Magic Dart        |    28 |    48 |    45 ||   121
       Mephitic Cloud    |     1 |     3 |    20 ||    24
Evoke: Wand              |       |       |     2 ||     2
  Use: Scroll            |       |       |    11 ||    11
       Potion            |       |       |     7 ||     7
 Stab: Sleeping          |     2 |     2 |    11 ||    15
       Confused          |     1 |     2 |    22 ||    25
Armor: Robe              |     1 |    11 |    49 ||    61
       Scale mail        |       |       |   109 ||   109
       Leather armour    |       |       |    13 ||    13
Dodge: Dodged            |    17 |    71 |   365 ||   453
Block: Buckler           |       |       |    53 ||    53

Table legend: (Time is in decaauts)
 A = Elapsed time spent in this place.
 B = Non-inter-level travel time spent in this place.
 C = Inter-level travel time spent in this place.
 D = Time resting spent in this place.
 E = Time spent auto-exploring this place.
 F = Levels seen in this place.
 G = Mean time per level.
                   A        B        C        D        E       F      G
               +--------+--------+--------+--------+--------+-----+--------+
         Total |  10782 |  10112 |    670 |   4014 |   4299 |   8 | 1347.8 |
       Dungeon |  10645 |  10015 |    630 |   4014 |   4223 |   7 | 1520.7 |
        Temple |    137 |     98 |     39 |      0 |     76 |   1 |  137.0 |
               +--------+--------+--------+--------+--------+-----+--------+

Top non-repeatable levels by time:
     D:5: 2679 daAuts
     D:6: 1541 daAuts
     D:2: 1538 daAuts
     D:7: 1530 daAuts
     D:3: 1318 daAuts
     D:4: 1119 daAuts
     D:1: 917 daAuts
  Temple: 137 daAuts
